Unix NetHack Version 3.7.0-94 Work-in-progress - last build Dec 18 2023 00:11:04 (7e3deff068b9ef4f2ebb9a71ea0f5c4a3b578a14,branch:master). Game began 2023-12-26 13:40:31, ended 2023-12-26 13:58:30. wangpang, neutral male human Barbarian ----- ------- ---------- #....| |...@00 |........| ####|...| |..0... |........| ## -.--- ...%00.| #..........# # # # |0.0..0| #----------####### # ### ---|-- # # ### #### #### ## # # # ## # # --------# ------.---- # # ###........# |.........| #### # |......| |.........| ------.-----## |......| ..........| |..........^# |.>....| |.........| |..........| ## |......| ----------- |...........################ -------- |..........| ########## |{.........-######## ------------ Wangpang the Pillager St:18/01 Dx:16 Co:18 In:8 Wi:7 Ch:7 Neutral Dlvl:4 $:53 HP:0(39) Pw:9(9) AC:7 Xp:4/113 T:1921 Latest messages: You see here a food ration. v - a food ration (3 in total). You find a hidden passage. You hear a door open. That door is closed. The door opens. You miss the homunculus. The homunculus bites! You smite the homunculus. The homunculus zaps a wand of digging! The homunculus has made a hole in the doorway. The homunculus dives through... There's a gaping hole under you! You hear the splashing of a naiad. You climb up the stairs. Suddenly, the grid bug falls into a hole. You escape a hole. You kill the grid bug! You smite the iguana! You miss the iguana. The iguana bites! You smite the iguana! You kill the iguana! w - a pink potion. You kill the grid bug! You kill the gas spore! Boom! You are caught in the gas spore's explosion! You kill the large kobold! You see here a tripe ration. x - a tripe ration. Double rush prefix, canceled. Click! You trigger a rolling boulder trap! You hear a loud crash as one boulder sets another in motion! A boulder misses you. There is a rolling boulder trap here. Click! You trigger a rolling boulder trap! You are hit by a boulder! You hear a loud crash as one boulder sets another in motion! y - 2 melons. With great effort you move the boulder. Click! You trigger a rolling boulder trap! You hear a loud crash as one boulder sets another in motion! You are hit by a boulder! You die... Do you want your possessions identified? [ynq] (y) Do you want to see your attributes? [ynq] (y) Do you want an account of creatures vanquished? [ynaq] (y) Do you want to see your conduct and achievements? [ynq] (y) Do you want to see the dungeon overview? [ynq] (y) Inventory: Coins $ - 53 gold pieces Weapons a - a +0 battle-axe (alternate weapon; not wielded) b - a +0 short sword (weapon in right hand) Armor h - an uncursed +0 orcish helm t - an uncursed +0 orcish helm u - an uncursed +0 pair of leather gloves c - an uncursed +0 ring mail (being worn) Comestibles v - 3 uncursed food rations y - 2 cursed melons x - an uncursed tripe ration Scrolls g - a blessed scroll of enchant armor q - an uncursed scroll of enchant armor Spellbooks i - a blessed spellbook of cause fear r - an uncursed spellbook of cure blindness j - an uncursed spellbook of light p - an uncursed spellbook of magic mapping Potions w - a cursed potion of extra healing o - an uncursed potion of fruit juice s - an uncursed potion of gain ability f - a blessed potion of levitation k - an uncursed potion of see invisible Wands m - a wand of cold (0:6) Tools n - an uncursed towel Wangpang the Barbarian's attributes: Background: You were a Pillager, a level 4 male human Barbarian. You were neutral, on a mission for Crom who was opposed by Mitra (lawful) and Set (chaotic). You were right-handed. You were in the Dungeons of Doom, on level 4. You entered the dungeon 1921 turns ago. There was a full moon in effect when your adventure ended. You had 113 experience points, 47 more were needed to attain level 5. Basics: You had 0 out of 39 hit points. You had all 9 energy points (spell power). Your armor class was 7. Your wallet contained 53 zorkmids. Autopickup was on for '$?!/="+*' plus thrown, with exceptions. Final Characteristics: Your strength was 18/01 (limit:18/100). Your dexterity was 16 (limit:18). Your constitution was 18 (limit:18). Your intelligence was 8 (limit:18). Your wisdom was 7 (limit:18). Your charisma was 7 (limit:18). Final Status: You weren't hungry. You were unencumbered. You were wielding a short sword. You had basic skill with short sword. Final Attributes: You were devoutly aligned. You were poison resistant. You were warded. You were lucky. You are dead. Miscellaneous: You disabled loading of bones levels. Total elapsed playing time was 15 minutes and 39 seconds. Major events: Turn 1: wangpang the neutral male human Barbarian entered the dungeon 1339: attained the rank of Pillager (level 3) 1921: killed by a boulder Vanquished creatures: a small mimic an iguana a gas spore a large kobold a hobgoblin a brown mold 2 geckos 3 jackals 3 foxes 2 kobolds a goblin a sewer rat 5 grid bugs a bat 4 lichens a kobold zombie 5 newts 34 creatures vanquished. No species were genocided or became extinct. Voluntary challenges: You read items or engraved 2 times. You never engraved Elbereth. You never genocided any monsters. You never polymorphed an object. You never changed form. You used no wishes. Achievements: You attained the rank of Pillager. You entered a shop. The Dungeons of Doom: levels 1 to 5 Level 1: A fountain. Level 2: An altar. Level 3: An armor shop, some fountains. Level 4: <- You were here. A fountain. Final resting place for you, killed by a boulder. Level 5: Game over: ---------- / \ / REST \ / IN \ / PEACE \ / \ | wangpang | | 53 Au | | killed by a | | boulder | | | | | | 2023 | *| * * * | * _________)/\\_//(\/(/\)/\//\/|_)_______ Goodbye wangpang the Barbarian... You died in The Dungeons of Doom on dungeon level 4 with 700 points, and 53 pieces of gold, after 1921 moves. You were level 4 with a maximum of 39 hit points when you died.